 Dungeon Crawl Stone Soup version 0.32-a0-128-g77eb882913 (webtiles) character file.

Game seed: 14813960504566036451

669 pokeman the Thaumaturge (level 7, -1/40 HPs)
             Began as a Deep Elf Hedge Wizard on Feb 8, 2024.
             Was a Follower of Vehumet.
             Slain by an orc priest
             ... wielding a +0 falchion
              (6 damage)
             ... on level 4 of the Dungeon.
             The game lasted 00:08:26 (4354 turns).

pokeman the Thaumaturge (Deep Elf Hedge Wizard)     Turns: 4354, Time: 00:08:27

Health: -1/40      AC:  3    Str:  7    XL:     7   Next: 32%
Magic:  11/20      EV: 13    Int: 21    God:    Vehumet [*.....]
Gold:   17         SH:  0    Dex: 14    Spells: 14/22 levels left

rFire   . . .        r - +0 broad axe
rCold   . . .        (no shield)
rNeg    . . .        b - +0 robe
rPois   .            c - +0 hat
rElec   .            (no cloak)
rCorr   .            (no gloves)
SInv    .            q - +0 pair of boots
Will    .....        (no amulet)
Stlth   ++           (no ring)
HPRegen 0.26/turn    (no ring)
MPRegen 0.17/turn

%: no passive effects
@: no status effects
A: no striking features
a: Renounce Religion


You were on level 4 of the Dungeon.
You worshipped Vehumet.
Vehumet was aware of your devotion.
You visited 1 branch of the dungeon, and saw 4 of its levels.
You also visited: Sewer.

You collected 131 gold pieces.
You spent 114 gold pieces at shops.

Inventory:

Hand Weapons
 r - a +0 broad axe (weapon)
Armour
 b - a +0 robe (worn)
 c - a +0 hat (worn)
 q - a +0 pair of boots (worn)
Scrolls
 f - 3 scrolls of teleportation {unknown}
 h - 2 scrolls of noise {unknown}
 j - a scroll of amnesia {unknown}
 m - 2 scrolls of enchant weapon {unknown}
 o - 3 scrolls of identify {unknown}
 t - a scroll of fog {unknown}
 u - 2 scrolls of blinking {unknown}
 w - a scroll of torment {unknown}
Potions
 a - a potion of resistance {unknown}
 d - 2 potions of magic
 e - a potion of degeneration {unknown}
 g - a potion of heal wounds {unknown}
 i - 5 potions of curing {unknown}
 k - a potion of ambrosia {unknown}
 l - 2 potions of lignification {unknown}
 n - a potion of attraction {unknown}
 p - a potion of invisibility {unknown}
 s - a potion of might {unknown}
 v - a potion of haste {unknown}


   Skills:
 - Level 2.1 Fighting
 + Level 1.2 Armour
 - Level 3.1 Dodging
 - Level 3.1 Stealth
 * Level 8.3 Spellcasting
 + Level 4.1 Conjurations
 - Level 1.1 Summonings
 - Level 1.1 Translocations
 - Level 1.0 Air Magic
 - Level 1.0 Alchemy


You had 14 spell levels left.
You knew the following spells:

 Your Spells              Type           Power      Damage    Failure   Level
a - Magic Dart            Conj           100%       1d8       1%          1
b - Mephitic Cloud        Conj/Alch/Air  17%        N/A       10%         3
c - Call Imp              Summ           26%        N/A       8%          2
d - Blink                 Tloc           26%        N/A       8%          2

Your spell library contained the following spells:

 Spells                   Type           Power      Damage    Failure   Level
 Shock                    Conj/Air       76%        1d7       2%          1
 Summon Small Mammal      Summ           52%        N/A       4%          1
 Slow                     Hex            32%        N/A       8%          1
 Cigotuvi's Dreadful Rot  Necr/Alch/Air  22%        N/A       9%          2
 Ensorcelled Hibernation  Hex/Ice        16%        N/A       12%         2
 Sublimation of Blood     Necr           8%         N/A       12%         2
 Call Canine Familiar     Summ           13%        N/A       14%         3
 Swiftness                Air            12%        N/A       16%         3
 Passwall                 Erth           8%         N/A       22%         3
 Summon Blazeheart Golem  Fire/Summ      11%        N/A       52%         4
 Haunt                    Necr/Summ      5%         N/A       100%        7
 Summon Hydra             Summ           6%         N/A       100%        7
 Borgnjor's Revivificati  Necr           4%         N/A       100%        8
 Death's Door             Necr           4%         N/A       100%        9


Dungeon Overview and Level Annotations

Branches:
Dungeon (4/15)              Sewer (visited)
 Temple: D:4-7

Altars:
Ru
Vehumet

Shops:
D:4 *=[

Annotations:
D:1 Loot behind rock


Message History

The orc priest is engulfed in noxious fumes.
The orc priest appears confused.
The orc closely misses you. x2
Unknown command.
You strike the helpless orc priest from behind!
You hit the orc priest.
The orc priest is moderately wounded.
You barely miss the orc.
The orc priest is engulfed in noxious fumes.
The orc priest appears confused.
The orc priest misses you. The orc hits you with a +0 trident.
* * * LOW HITPOINT WARNING * * *
The orc barely misses you.
The orc hits you from afar with a +0 trident.
* * * LOW HITPOINT WARNING * * *
The orc hits you with a +0 trident!
* * * LOW HITPOINT WARNING * * *
The orc priest is engulfed in noxious fumes.
The orc priest appears confused.
The orc priest hits you but does no damage.
You slash the orc priest!
The orc priest is almost dead.
The orc priest closely misses you.
The orc ponders the situation.
Unknown command.
Casting: Mephitic Cloud (dangerous; 10% risk of failure)
Confirm with . or Enter, or press ? or * to list all spells.
Aiming: Magic Dart (safe; 1% risk of failure)
Press: ? - help, Shift-Dir - straight line, f - orc priest
Aim: an orc priest, wielding a +0 falchion (almost dead, confused, 100% to hit)
Okay, then.
Casting: Magic Dart (safe; 1% risk of failure)
Confirm with . or Enter, or press ? or * to list all spells.
Aiming: Mephitic Cloud (dangerous; 10% risk of failure)
Press: ? - help, Shift-Dir - straight line The ball explodes into a vile cloud!
The stinking cloud engulfs the orc. x2
The orc is moderately wounded.
The stinking cloud engulfs the orc priest.
The orc priest is almost dead.
The orc priest hits you with a +0 falchion.
You die...

....... #.....######
....... #.....#.....
....... #.....#.....
....... #.....#.....
....... #.....#.....
.....§)########.....###...
....°☼○oo......##+#####.†.
#######§.......#..........
#§o@.....#..........
#........#..........
#........#########'#
#...................
###+##...................
#........................
#........................
#........................
#........................


You could see an orc priest (confused) and 2 orcs.

Vanquished Creatures
  Pargi (Sewer)
  A phantom (D:4)
  2 brain worms (Sewer)
  3 bombardier beetles (D:4)
  A hound (D:4)
  An orc priest (D:4)
  An iguana (D:4)
  An orc wizard (D:4)
  7 adders
  A river rat (D:3)
  3 dart slugs
  6 orcs (D:4)
  7 endoplasms
  3 giant cockroaches
  13 goblins
  10 hobgoblins
  2 jackals (D:1)
  3 kobolds
  5 quokkas
  8 ball pythons
  2 bats
  8 frilled lizards
  7 rats
96 creatures vanquished.

Vanquished Creatures (collateral kills)
  A ribbon worm (D:2)
1 creature vanquished.

Grand Total: 97 creatures vanquished

Notes
Turn   | Place    | Note
-------+----------+-------------------------------------------
     0 | D:1      | pokeman the Deep Elf Hedge Wizard began the quest for the
                  | Orb.
     0 | D:1      | Reached XP level 1. HP: 10/10 MP: 7/7
   300 | D:1      | Reached XP level 2. HP: 15/15 MP: 7/9
   679 | D:1      | Reached skill level 5 in Spellcasting
   719 | D:1      | Reached XP level 3. HP: 16/20 MP: 2/11
   723 | D:1      | Learned a level 3 spell: Mephitic Cloud
   726 | D:1      | Learned a level 2 spell: Call Imp
   729 | D:1      | Learned a level 2 spell: Blink
  1435 | D:2      | Reached skill level 1 in Fighting
  1811 | D:2      | Found a faded altar of an unknown god.
  1814 | D:2      | Reached skill level 1 in Armour
  2037 | D:2      | Found a radiant altar of Vehumet.
  2045 | D:2      | Became a worshipper of Vehumet
  2173 | D:2      | Reached XP level 4. HP: 25/25 MP: 7/13
  2779 | D:3      | Found a glowing drain.
  2785 | Sewer    | Entered a sewer
  2815 | Sewer    | Noticed a brain worm
  2826 | Sewer    | Killed a brain worm
  2827 | Sewer    | Reached skill level 6 in Spellcasting
  2827 | Sewer    | Reached XP level 5. HP: 29/29 MP: 10/15
  2847 | Sewer    | Reached skill level 1 in Alchemy
  2959 | Sewer    | Reached skill level 1 in Air Magic
  3026 | Sewer    | Noticed Pargi
  3049 | Sewer    | Killed Pargi
  3050 | Sewer    | Reached skill level 7 in Spellcasting
  3050 | Sewer    | Reached XP level 6. HP: 11/34 MP: 10/18
  3332 | D:3      | Found a sacrificial altar of Ru.
  3464 | D:3      | Reached * piety under Vehumet
  3464 | D:3      | Offered knowledge of Shock by Vehumet.
  3740 | D:4      | Found Qacuth's Armour Shop.
  3744 | D:4      | Found Komah's Jewellery Shoppe.
  3911 | D:4      | Found Ziwkidus's Assorted Antiques.
  3918 | D:4      | Bought a fuming green potion for 21 gold pieces
  3918 | D:4      | Bought a scroll labelled MEKYAM BI MUFO for 24 gold pieces
  3918 | D:4      | Bought a brown potion for 21 gold pieces
  3918 | D:4      | Bought a scroll labelled YDECRE HUQONKYUQU for 24 gold
                  | pieces
  3944 | D:4      | Bought a scroll labelled CIENOOT FABAPEASME for 24 gold
                  | pieces
  4081 | D:4      | Reached skill level 8 in Spellcasting
  4081 | D:4      | Reached XP level 7. HP: 31/40 MP: 12/20
  4354 | D:4      | Slain by an orc priest

Illustrated notes

Levels and vault maps discovered:
D:1:      lemuel_arrival_tunnels, layout_basic, due_unseen_surprise
D:2:      layout_loops_corners, basic_ecumenical_altar, basic_altar,
          serial_forest, infiniplex_forest_lined_3,
          infiniplex_forest_straight_3, infiniplex_forest_end_1,
          infiniplex_forest_end_3, infiniplex_forest_corner_2,
          infiniplex_forest_lined_room_2
D:3:      cheibrodos_greedy_goblins, layout_loops_ring,
          nicolae_ru_sacrificial_ziggurat, gup_sewer_entry_bubbles,
          kennysheep_generic_room_4
D:4:      layout_gridville, serial_shops, nicolae_shop_window_shopping,
          nicolae_shop_just_a_little_nook, nicolae_shop_crystal, shop

Skill      XL: |  1  2  3  4  5  6  7 |
---------------+----------------------+-----
Spellcasting   | 5 6 7 8 |  8.3
Fighting       | 1 2 |  2.1
Conjurations   | 2 3 4 |  4.1
Armour         | 1 |  1.2
Dodging        | 3 |  3.1
Stealth        | 3 |  3.1
Alchemy        | 1 |  1.0
Air Magic      | 1 |  1.0
Summonings     | |  1.1
Translocations | |  1.1

Action                     |  1- 3 |  4- 6 |  7- 9 || total
---------------------------+-------+-------+-------++-------
  Melee: Dagger            |    38 |       |       ||    38
         Punch             |     1 |     2 |     2 ||     5
         Broad axe         |       |    39 |    10 ||    49
   Cast: Magic Dart        |    93 |    95 |    16 ||   204
         Mephitic Cloud    |     1 |     7 |     5 ||    13
         Call Imp          |     1 |     2 |       ||     3
   Stab: Sleeping          |     1 |       |       ||     1
         Confused          |       |     1 |     3 ||     4
 Armour: Robe              |    21 |    39 |    15 ||    75
  Dodge: Dodged            |    35 |    37 |    18 ||    90

Table legend: (Time is in decaauts)
 A = Elapsed time spent in this place.
 B = Non-inter-level travel time spent in this place.
 C = Inter-level travel time spent in this place.
 D = Time resting spent in this place.
 E = Time spent auto-exploring this place.
 F = Levels seen in this place.
 G = Mean time per level.
                   A        B        C        D        E       F      G
               +--------+--------+--------+--------+--------+-----+--------+
         Total |   4448 |   4359 |     89 |    158 |   3384 |   5 |  889.6 |
       Dungeon |   4002 |   3913 |     89 |     56 |   3126 |   4 | 1000.5 |
         Sewer |    445 |    445 |      0 |    102 |    258 |   1 |  445.0 |
               +--------+--------+--------+--------+--------+-----+--------+

Top non-repeatable levels by time:
     D:2: 1315 daAuts
     D:1: 1124 daAuts
     D:3: 861 daAuts
     D:4: 701 daAuts
   Sewer: 445 daAuts
